Map: Green Acres

Players

ForceForce

  • Race: Terran Terran
  • League: Silver
  • Spawn Location: 9:00

Kexter

  • Race: Terran Terran
  • League: Gold
  • Spawn Location: 12:00

Wingboner

  • Race: Zerg Zerg
  • Spawn Location: 7:00

DaveSpike

  • Race: Terran Terran
  • Spawn Location: 6:00

BlowbangSIut

  • Race: Protoss Protoss
  • Spawn Location: 3:00

artupapiXD

  • Race: Terran Terran
  • Spawn Location: 1:00

VOD

Have the link to the VOD?

Description

ludi riperi

Time

  • Played on: Feb. 7, 2017, 5 p.m.
  • Length: 6:20
Show
View Real Time Build Order
Export as new Build Order

ForceForce Terran 

Build Orders:  

Get SALT Encoding   

  12  0:13  Supply Depot, SCV  
  13  0:25  SCV  
  14  0:37  Barracks  
  14  0:38  SCV  
  15  0:53  SCV  
  16  0:58  Barracks  
  16  1:09  SCV  
  17  1:17  Refinery  
  17  1:21  SCV  
  18  1:28  Supply Depot  
  18  1:33  SCV  
  19  1:45  SCV  
  20  1:54  Marine x2  
  20  1:57  SCV  
  20  1:59  Engineering Bay  
  23  2:09  SCV  
  23  2:12  Marine  
  23  2:14  Marine  
  26  2:21  SCV  
  27  2:28  Command Center  
  27  2:33  SCV  
  27  2:36  Supply Depot  
  28  2:45  Marine x2, SCV  
  31  3:03  Marine x2  
  33  3:19  Orbital Command  
  33  3:20  Marine  
  33  3:21  Marine  
  35  3:33  Barracks  
  35  3:38  Marine  
  35  3:39  Marine  
  33  3:51  Orbital Command  
  33  3:56  Marine x2  
  33  4:02  Terran Infantry Weapons Level 1  
  35  4:14  Marine x2  
  37  4:24  Marine  
  38  4:32  Marine x2  
  39  4:42  Marine  
  40  4:49  Marine  
  40  4:50  Marine  
  40  5:00  Marine  
  34  5:07  Marine  
  34  5:08  Marine  
  17  5:18  Marine  
  10  5:25  Marine x2  
  7  5:33  SCV  
  8  5:36  Marine  
  9  5:43  Marine  
  9  5:45  SCV  
  9  5:47  Barracks Reactor  
  11  5:57  SCV  
  13  6:06  Factory  
Show
View Real Time Build Order
Export as new Build Order

Kexter Terran 

Build Orders:  

Get SALT Encoding   

  12  0:02  SCV  
  13  0:14  SCV  
  14  0:23  Supply Depot  
  14  0:42  Refinery  
  14  0:47  Barracks  
  14  0:52  Barracks  
  14  0:53  SCV  
  15  1:05  SCV  
  16  1:17  SCV  
  16  1:18  Supply Depot  
  17  1:42  Barracks  
  17  1:43  Barracks Reactor  
  17  1:52  Barracks Tech Lab  
  17  2:03  SCV  
  18  2:14  Marauder  
  18  2:15  SCV  
  21  2:21  Marine  
  21  2:22  Marine  
  23  2:32  Supply Depot  
  23  2:33  Marine  
  23  2:36  Marauder  
  26  2:39  Marine  
  26  2:40  Marine  
  28  2:50  Marine  
  29  3:00  Marine  
  30  3:08  Marine  
  30  3:09  Command Center  
  30  3:11  Marine  
  32  3:17  Stimpack  
  32  3:19  Marine  
  33  3:25  Marine  
  34  3:29  Marine  
  35  3:34  Marine  
  35  3:37  Marine  
  37  3:43  Marine  
  38  4:12  Marine, Engineering Bay  
  39  4:20  Marine x3  
  39  4:22  Orbital Command  
  42  4:30  Marine  
  43  4:38  Marine x3  
  45  4:56  Marauder  
  47  5:03  Marine x3  
  46  5:18  Marauder  
  41  5:39  Marauder  
  41  5:40  Marine x2  
  45  6:00  Marine x2  
Show
View Real Time Build Order
Export as new Build Order

Wingboner Zerg 

Build Orders: Pool First, Roach Nydus 

Get SALT Encoding   

  12  0:01  Drone  
  13  0:08  Drone  
  14  0:25  Spawning Pool  
  13  0:29  Drone  
  14  0:55  Hatchery  
  13  0:57  Drone  
  14  1:06  Overlord  
  14  1:14  Extractor  
  14  1:15  Drone  
  14  1:26  Drone  
  14  1:27  Drone  
  16  1:43  Drone x2  
  18  1:53  Drone  
  19  2:04  Drone  
  20  2:09  Drone  
  20  2:11  Queen  
  23  2:16  Lair  
  23  2:18  Extractor  
  23  2:20  Drone  
  23  2:21  Drone  
  24  2:24  Roach Warren  
  23  2:32  Drone x2  
  26  2:37  Drone  
  26  2:43  Overlord  
  26  2:52  Queen  
  26  2:54  Overlord  
  28  3:06  Roach  
  28  3:07  Roach x2  
  28  3:12  Roach  
  36  3:26  Nydus Network  
  35  3:28  Queen  
  37  3:59  Roach x3  
  43  4:11  Nydus Canal  
  43  4:32  Queen  
  44  4:39  Nydus Canal  
  38  4:54  Nydus Canal  
  38  4:57  Roach  
  38  5:08  Queen  
Show
View Real Time Build Order
Export as new Build Order

DaveSpike Terran 

Build Orders:  

Get SALT Encoding   

  12  0:02  SCV  
  13  0:31  Supply Depot  
  13  0:33  Refinery  
  13  0:38  SCV  
  13  0:39  Refinery  
  14  0:51  SCV  
  15  0:59  Barracks  
  15  1:09  Engineering Bay  
  15  1:14  SCV  
  16  1:26  SCV  
  17  1:38  SCV  
  18  1:43  Supply Depot  
  18  1:47  Marine  
  19  2:06  Factory  
  19  2:33  Marine  
  19  2:36  Orbital Command  
  19  2:50  Marine  
  18  3:01  Hellion  
  17  3:31  Barracks Reactor  
  17  3:33  SCV  
  18  3:36  Factory Tech Lab  
  18  3:45  SCV  
  19  3:58  Siege Tank  
  22  4:11  Starport  
  22  4:17  Missile Turret  
  22  4:22  Armory  
  18  4:24  Marine  
  18  4:25  Marine  
  7  4:42  Marine x2  
  9  5:00  Marine x2, SCV  
  12  5:18  Marine x2  
  14  5:23  Siege Tank  
  17  5:36  Starport Tech Lab  
  17  5:46  Marine x2  
  19  5:55  Hellbat  
Show
View Real Time Build Order
Export as new Build Order

BlowbangSIut Protoss 

Build Orders:  

Get SALT Encoding   

  12  0:01  Probe (Chrono Boost)  
  13  0:12  Probe (Chrono Boost)  
  14  0:22  Probe (Chrono Boost)  
  15  0:36  Pylon  
  15  0:54  Probe (Chrono Boost)  
  16  1:29  Gateway  
  16  1:31  Assimilator  
  16  1:32  Assimilator, Probe (Chrono Boost)  
  17  1:43  Probe (Chrono Boost)  
  18  1:53  Probe (Chrono Boost)  
  19  2:04  Probe (Chrono Boost)  
  20  2:14  Probe (Chrono Boost)  
  21  2:16  Cybernetics Core  
  21  2:20  Pylon  
  21  2:25  Probe (Chrono Boost)  
  22  2:55  Stargate  
  22  2:59  Pylon  
  22  3:00  Mothership Core (Chrono Boost)  
  24  3:51  Fleet Beacon  
  24  4:30  Void Ray  
  21  4:55  Pylon  
  18  5:27  Probe (Chrono Boost)  
  18  5:28  Tempest  
  25  5:53  Pylon  
  25  5:56  Probe (Chrono Boost)  
  26  6:08  Probe (Chrono Boost)  
Show
View Real Time Build Order
Export as new Build Order

artupapiXD Terran 

Build Orders:  

Get SALT Encoding   

  12  0:03  SCV  
  13  0:18  Supply Depot, SCV  
  14  0:30  SCV  
  15  0:42  SCV, Barracks  
  15  0:49  Refinery  
  16  1:00  Barracks  
  16  1:05  SCV  
  17  1:24  Barracks  
  17  1:31  SCV  
  18  1:33  Refinery  
  18  1:39  Reaper  
  19  1:53  Supply Depot  
  19  1:54  Reaper  
  20  2:10  Orbital Command  
  20  2:17  Reaper  
  20  2:22  Reaper  
  22  2:27  Reaper  
  23  2:38  Supply Depot  
  23  2:49  Reaper  
  24  2:54  Reaper  
  24  2:59  Reaper  
  24  3:02  SCV  
  26  3:14  SCV  
  27  3:21  Reaper  
  27  3:26  SCV, Reaper  
  29  3:31  Reaper  
  30  3:38  SCV  
  30  3:51  SCV  
  30  3:53  Reaper  
  32  3:58  Reaper  
  33  4:03  SCV, Reaper  
  33  4:08  Command Center  
  35  4:25  Reaper  
  35  4:26  SCV  
  35  4:30  Reaper  
  38  4:35  Reaper  
  37  4:38  SCV  
  38  4:49  Command Center  
  38  4:51  SCV  
  39  4:59  Factory  
  39  5:12  Supply Depot  
  39  5:13  Supply Depot  
  39  5:20  SCV, Reaper x3  
  43  5:29  Orbital Command  
  43  5:31  Supply Depot  
  43  5:35  Bunker  
  43  5:39  SCV  
  44  5:51  SCV  
  48  5:59  SCV  
  48  6:01  Barracks  
  48  6:02  Starport  
  49  6:04  Factory Reactor  
  49  6:08  Barracks Reactor  
  46  6:16  Barracks Tech Lab  
Tags
 
Add a new tag
Caveats
  • Supply blocks, unpowered buildings, or Contaminate may cause inaccurate times.
  • Supply counts are checked every 10 seconds.